General information
- name: BNet
- type: Ladder 1vs1/FFA
- host: Battle.net
- saver: gaybabby420
map: SecretValley
- players: 2
- length: 08:33
- speed: Fast
- version: 1.24 W3XP
- replay type: Public
» download(30 KB)
Players
team 1 (winner)

»
gaybabby420 (
teal | 130 APM | 1111 actions | 08:33)
2 Tauren Chieftain
1 War Stomp
1 Endurance Aura
» actions
| Assign group hotkey | 372 | |
| Basic commands | 45 | |
| Build / train | 25 | |
| ESC pressed | 5 | |
| Enter build submenu | 17 | |
| Enter hero's abilities submenu | 2 | |
| Right click | 354 | |
| Select / deselect | 109 | |
| Select group hotkey | 150 | |
| Use ability | 32 | |
1111 total
» units
| Peon | 8 | |
| Grunt | 7 | |
| Troll Headhunter/Berserker | 4 | |
19 total
» upgrades
» buildings
| Altar of Storms | 1 | |
| Orc Burrow | 4 | |
| Barracks | 2 | |
| War Mill | 1 | |
| Watch Tower | 9 | |
17 total
» build order
00:10 Altar of Storms
00:18 Orc Burrow
00:35 Barracks
01:27 War Mill
01:58 Orc Burrow
02:23 Barracks
03:23 Orc Burrow
05:01 Watch Tower
05:01 Watch Tower
05:18 Watch Tower
05:23 Watch Tower
05:46 Watch Tower
05:57 Watch Tower
06:23 Watch Tower
06:34 Watch Tower
06:45 Watch Tower
07:32 Orc Burrow
» items
| Dust of Appearance | 1 | |
| Circlet of Nobility | 1 | |
2 total
team 2 (loser)
orcandres (
red | 90 APM | 770 actions | 08:31)
2 Blademaster
1 Wind Walk
1 Critical Strike
1 Shadow Hunter
1 Healing Wave
» actions
| Assign group hotkey | 19 | |
| Basic commands | 12 | |
| Build / train | 27 | |
| Enter build submenu | 8 | |
| Enter hero's abilities submenu | 4 | |
| Give item / drop item | 3 | |
| Right click | 351 | |
| Select / deselect | 135 | |
| Select group hotkey | 183 | |
| Use ability | 28 | |
770 total
» units
» buildings
| Altar of Storms | 1 | |
| Orc Burrow | 3 | |
| Barracks | 1 | |
| Voodoo Lounge | 1 | |
| Stronghold | 1 | |
| War Mill | 1 | |
8 total
» build order
00:07 Altar of Storms
00:16 Orc Burrow
00:37 Barracks
01:31 Orc Burrow
02:09 Voodoo Lounge
03:04 Stronghold
03:31 Orc Burrow
05:47 War Mill
» items
| Boots of Speed | 1 | |
| Dust of Appearance | 1 | |
| Staff of Teleportation | 1 | |
| Potion of Healing | 2 | |
| Lesser Clarity Potion | 2 | |
| Healing Salve | 1 | |
8 total
Chat log
(01:04 / All) orcandres: HI MAN
(01:06 / All) orcandres: glhf
(01:07 / All) gaybabby420: sup bro
(01:07 / All) orcandres: :d
(01:09 / All) gaybabby420: glhf!!
(01:13 / All) orcandres: from?
(01:18 / All) gaybabby420: australia
(01:38 / All) orcandres: im from colombia
(02:57 / All) orcandres: what is u true raze?
(03:02 / All) gaybabby420: orc
(03:10 / All) orcandres: lol